 Dungeon Crawl Stone Soup version 0.23-a0-139-ga22e90c45f (webtiles) character file.

2096 Napalmbreeze the Destroyer (level 9, -1/45 HPs)
             Began as a Deep Elf Fire Elementalist on Aug 30, 2018.
             Was a Believer of Vehumet.
             Slain by a bullfrog (6 damage)
             ... on level 8 of the Dungeon.
             The game lasted 00:20:19 (7191 turns).

Napalmbreeze the Destroyer (DEFE)                   Turns: 7191, Time: 00:20:20

Health: -1/45      AC:  8    Str:  5    XL:     9   Next: 7%
Magic:  41/41      EV: 13    Int: 23    God:    Vehumet [**....]
Gold:   360        SH:  0    Dex: 16    Spells: 9/24 levels left

rFire    . . .     SeeInvis .   (no weapon)
rCold    . . .     Gourm    .   (no shield)
rNeg     . . .     Faith    +   a - +0 robe
rPois    +         Spirit   .   m - +0 helmet
rElec    .         Reflect  .   C - +2 cloak {rPois}
rCorr    .         Harm     .   v - +0 pair of gloves
MR       .....                  h - +0 pair of boots
Stlth    ++........             g - amulet of faith
HPRegen  0.15/turn              r - ring of magical power
MPRegen  0.27/turn              x - ring of magical power

@: no status effects
A: no striking features
a: Renounce Religion


You were on level 8 of the Dungeon.
You worshipped Vehumet.
Vehumet was pleased with you.
You were hungry.

You visited 1 branch of the dungeon, and saw 8 of its levels.

You collected 360 gold pieces.

Inventory:

Armour
 a - a +0 robe (worn)
 h - a +0 pair of boots (worn)
 m - a +0 helmet (worn)
 v - a +0 pair of gloves (worn)
 C - a +2 cloak of poison resistance (worn)
Jewellery
 g - an amulet of faith (around neck)
 r - a ring of magical power (left hand)
 s - an uncursed ring of protection from fire
 x - a ring of magical power (right hand)
 y - an uncursed ring of stealth
 A - an uncursed ring of resist corrosion
Wands
 q - a wand of digging (11)
 u - a wand of iceblast (10)
 F - a wand of flame (20)
Scrolls
 e - 4 scrolls of teleportation
 f - 3 scrolls of identify
 j - 2 scrolls of magic mapping
 k - 3 scrolls of remove curse
 p - 3 scrolls of immolation
 t - a scroll of amnesia {unknown}
 w - a scroll of blinking {unknown}
 B - 3 scrolls of summoning {unknown}
 D - a scroll of noise {unknown}
 G - a scroll of random uselessness {unknown}
Potions
 b - 2 potions of heal wounds {unknown}
 d - 3 potions of haste {unknown}
 i - a potion of brilliance {unknown}
 l - a potion of agility {unknown}
 n - 4 potions of might {unknown}
 o - 4 potions of curing {unknown}
 z - a potion of flight {unknown}
Comestibles
 c - 8 rations


   Skills:
 - Level 2.4 Dodging
 - Level 2.4 Stealth
 + Level 8.3 Spellcasting
 * Level 9.3 Conjurations
 + Level 7.3 Fire Magic


You had 9 spell levels left.
You knew the following spells:

 Your Spells              Type           Power        Failure   Level  Hunger
a - Flame Tongue          Conj/Fire      #####        1%          1    None
d - Conjure Flame         Conj/Fire      #####...     1%          3    None
e - Fireball              Conj/Fire      #####.....   6%          5    #####..
f - Sticky Flame          Conj/Fire      #####...     2%          4    ##.....
s - Throw Flame           Conj/Fire      #####.       1%          2    None

Your spell library contained the following spells:

 Spells                   Type           Power        Failure   Level  Hunger
 Sting                    Conj/Pois      ####         1%          1    None
 Inner Flame              Hex/Fire       ####....     4%          3    None
 Beastly Appendage        Tmut           #.....       7%          1    None
 Sticks to Snakes         Tmut           #.......     10%         2    None
 Spider Form              Tmut/Pois      #.........   21%         3    None
 Ice Form                 Ice/Tmut       #.......     54%         4    ##.....
 Blade Hands              Tmut           #.........   88%         5    #####..


Dungeon Overview and Level Annotations

Branches:
Dungeon (8/15)             Temple (0/1) D:7
   Lair: D:8-11

Altars:
Ashenzari
Dithmenos
Elyvilon
Gozag
Vehumet
Xom
Yredelemnul

Shops:
D:4 !((*(   D:7 ?

Annotations:
D:8 Harold


Message History

The two-headed ogre moves out of view.
Found a scroll of teleportation.
Found a stone staircase leading up.
Harold throws a throwing net.
The throwing net hits you.
You become entangled in the net!
You see here a throwing net.
You struggle against the net.
You tear a large gash into the net.
The bullfrog barely misses you.
The bullfrog hits you but does no damage.
You rip the net and break free!
The bullfrog hits you.
Harold hits you from afar with a glaive!
* * * LOW HITPOINT WARNING * * *
The bullfrog closely misses you.
You see here a throwing net.
The bullfrog completely misses you.
Harold says, "This is so exciting!
What a great way to end my career!"
The bullfrog hits you!
* * * LOW HITPOINT WARNING * * *
The bullfrog closely misses you. The bullfrog hits you.
You die...

#<.....###.#
#####.#....#
#.#(####
#?#.#<#
..#.#.#
###.#.####
#.#....#
#@####.#
#.F@...#
########


You could see Harold and a bullfrog.

Vanquished Creatures
  A hippogriff (D:7)
  An orc warrior (D:7)
  An ice beast (D:6)
  A phantom (D:4)
  2 centaurs (D:6)
  4 ogres
  3 bullfrogs (D:6)
  3 scorpions
  2 howler monkeys (D:4)
  A crimson imp (D:5)
  2 hounds
  2 orc priests (D:7)
  Crazy Yiuf (D:5)
  A centaur skeleton (D:4)
  Jessica (D:3)
  3 iguanas
  Ijyb (D:3)
  2 worker ants
  5 orc wizards
  Robin (D:2)
  3 gnolls (D:5)
  8 adders
  2 shadow imps
  4 worms
  A dart slug (D:2)
  3 leopard geckos
  14 orcs
  5 giant cockroaches
  14 goblins
  6 hobgoblins
  6 jackals
  2 quokkas
  A ball python zombie (D:5)
  7 bats
  2 frilled lizards
  9 kobolds
  A quokka skeleton (D:4)
  11 rats
137 creatures vanquished.

Notes
Turn   | Place    | Note
-------+----------+-------------------------------------------
     0 | D:1      | Napalmbreeze the Deep Elf Fire Elementalist began the quest
                  | for the Orb.
     0 | D:1      | Reached XP level 1. HP: 10/10 MP: 6/6
   228 | D:1      | Reached XP level 2. HP: 15/15 MP: 4/8
   244 | D:1      | Learned a level 2 spell: Throw Flame
   315 | D:1      | Reached skill level 2 in Conjurations
   955 | D:2      | Noticed Robin
  1277 | D:1      | Reached XP level 3. HP: 16/19 MP: 8/10
  1329 | D:1      | Learned a level 3 spell: Conjure Flame
  1498 | D:2      | Killed Robin
  1843 | D:2      | Found a white marble altar of Elyvilon.
  1867 | D:2      | Reached skill level 3 in Conjurations
  1929 | D:2      | Reached XP level 4. HP: 24/24 MP: 6/11
  2001 | D:2      | Found a basalt altar of Yredelemnul.
  2171 | D:2      | Found a shadowy altar of Dithmenos.
  2356 | D:3      | Noticed Jessica
  2359 | D:3      | Killed Jessica
  2554 | D:3      | Noticed Ijyb
  2558 | D:3      | Killed Ijyb
  2696 | D:3      | Reached XP level 5. HP: 28/28 MP: 13/13
  3257 | D:3      | Found a shadowy altar of Dithmenos.
  3288 | D:3      | Reached skill level 4 in Conjurations
  3398 | D:4      | Learned a level 4 spell: Sticky Flame
  3593 | D:4      | Found Pokloon's Distillery.
  3646 | D:4      | Found Niloipp's General Store.
  3721 | D:4      | Reached XP level 6. HP: 32/32 MP: 15/15
  3724 | D:4      | Found Codyadgh's Antique Weapon Shoppe.
  3817 | D:4      | Reached skill level 5 in Spellcasting
  3817 | D:4      | Reached skill level 5 in Conjurations
  3959 | D:4      | Found Diwe's Antique Weapon Shop.
  3980 | D:4      | Found Kys Vuud's Weapon Shop.
  4070 | D:4      | Reached skill level 5 in Fire Magic
  4345 | D:5      | Entered Level 5 of the Dungeon
  4375 | D:5      | Found a radiant altar of Vehumet.
  4381 | D:5      | Became a worshipper of Vehumet
  4579 | D:5      | Reached XP level 7. HP: 36/36 MP: 17/17
  4587 | D:5      | Learned a level 5 spell: Fireball
  4654 | D:5      | Reached skill level 6 in Conjurations
  5123 | D:5      | Found a runed door.
  5127 | D:5      | Noticed Crazy Yiuf
  5134 | D:5      | Killed Crazy Yiuf
  5473 | D:6      | Reached * piety under Vehumet
  5473 | D:6      | Offered knowledge of Freeze by Vehumet.
  5602 | D:6      | Reached skill level 7 in Conjurations
  5612 | D:6      | Found a shattered altar of Ashenzari.
  5638 | D:6      | Reached XP level 8. HP: 41/41 MP: 20/20
  5885 | D:6      | Found a shimmering altar of Xom.
  5973 | D:6      | Reached skill level 8 in Conjurations
  6556 | D:7      | Found an opulent altar of Gozag.
  6684 | D:7      | Found a staircase to the Ecumenical Temple.
  6731 | D:7      | Reached skill level 9 in Conjurations
  6744 | D:7      | Got a faintly glowing war axe
  6745 | D:7      | Identified the cursed +1 war axe "Wasighuu" {venom, +Fly
                  | rPois Dex-3} (You found it on level 7 of the Dungeon)
  6833 | D:7      | Noticed a hippogriff
  6844 | D:7      | Killed a hippogriff
  6844 | D:7      | Reached ** piety under Vehumet
  6844 | D:7      | Offered knowledge of Sting by Vehumet.
  6844 | D:7      | Reached XP level 9. HP: 45/45 MP: 23/23
  6894 | D:7      | Found Belouje's Magic Scroll Boutique.
  7175 | D:8      | Noticed Harold
  7178 | D:8      | Noticed a two-headed ogre
  7191 | D:8      | Slain by a bullfrog

Vault maps used:
D:1:      eino_arrival_tree_alley, minmay_misc_feat_four_crosses
D:2:      kennysheep_ying_yang, lemuel_coloured_pillars_altar, first_ration,
          uniq_robin
D:3:      grunt_dithmenos_smoke, uniq_ijyb, uniq_jessica
D:4:      serial_shops, nicolae_shop_waterfront, shop, shop, shop,
          nicolae_shop_competitors_out_of_business
D:5:      overflow_temple_1_default, uniq_crazy_yiuf_cottage
D:6:      lemuel_doored_altar, basic_altar
D:7:      grunt_gozag_breadcrumbs, temple_fountains, serial_glass,
          glass_columns_a, glass_columns_a, glass_columns_a, glass_columns_a,
          glass_columns_a, glass_columns_a, glass_columns_c, glass_columns_c,
          glass_columns_a, glass_columns_c, glass_columns_a, glass_columns_b,
          glass_columns_c, glass_columns_a, serial_shops, shop,
          minmay_misc_feat_pillars
D:8:      kennysheep_opposing_triangles, uniq_harold

Skill      XL: |  1  2  3  4  5  6  7  8 |
---------------+-------------------------+-----
Conjurations   | 2 3 4 5 7 9 |  9.3
Spellcasting   | 4 5 6 8 |  8.3
Fire Magic     | 4 5 6 7 |  7.3
Dodging        | |  2.4
Stealth        | |  2.4

Action                   |  1- 3 |  4- 6 |  7- 9 || total
-------------------------+-------+-------+-------++-------
Melee: Unarmed           |     4 |       |       ||     4
 Cast: Flame Tongue      |    45 |    44 |    48 ||   137
       Throw Flame       |    21 |    66 |    51 ||   138
       Sticky Flame      |       |     3 |    10 ||    13
       Fireball          |       |       |     4 ||     4
       Conjure Flame     |       |       |     4 ||     4
Evoke: Wand              |       |       |     1 ||     1
  Use: Scroll            |       |       |     5 ||     5
  Eat: Chunk             |     3 |     6 |     6 ||    15
       Ration            |       |     1 |     1 ||     2
Armor: Robe              |     5 |     4 |     6 ||    15
Dodge: Dodged            |    24 |     7 |    20 ||    51

Table legend:
 A = Non-vault XP
 B = Vault XP
 C = Vault XP percentage of total XP
 D = Non-vault monster count
 E = Vault monster count
 F = Vault count percentage of total count
                 A         B        C        D         E       F
            +---------+---------+-------+---------+---------+-------
      Total |    2848 |     147 |   4.9 |     123 |      14 |  10.2
            +---------+---------+-------+---------+---------+-------
        D:1 |      24 |      16 |  40.0 |      16 |       8 |  33.3
        D:2 |      39 |      19 |  32.8 |      16 |       3 |  15.8
        D:3 |      50 |      73 |  59.3 |      15 |       2 |  11.8
        D:4 |     417 |       0 |   0.0 |      17 |       0 |   0.0
        D:5 |     345 |      39 |  10.2 |      18 |       1 |   5.3
        D:6 |    1045 |       0 |   0.0 |      18 |       0 |   0.0
        D:7 |     928 |       0 |   0.0 |      23 |       0 |   0.0
            +---------+---------+-------+---------+---------+-------
